 Dungeon Crawl Stone Soup version 0.26.1-11-gd32895ea62 (webtiles) character file.

Game seed: 13948844881755791948

2618 dtburroughs the Cleaver (level 9, -8/121 HPs)
             Began as a Minotaur Berserker on July 21, 2021.
             Was an Elder of Trog.
             Mangled by Harold
             ... wielding a +0 scimitar
              (23 damage)
             ... on level 7 of the Dungeon.
             The game lasted 00:14:34 (8044 turns).

dtburroughs the Cleaver (Minotaur Berserker)        Turns: 8044, Time: 00:14:35

Health: -8/121     AC: 12    Str: 22    XL:     9   Next: 34%
Magic:  8/8        EV: 11    Int:  7    God:    Trog [****..]
Gold:   448        SH:  0    Dex: 10    Spells: 8/8 levels left

rFire    . . .     SeeInvis .   x - +0 battleaxe
rCold    . . .     Faith    .   (shield currently unavailable)
rNeg     . . .     Spirit   .   E - +0 chain mail
rPois    .         Reflect  .   (helmet restricted)
rElec    .         Harm     .   u - scarf {+Inv}
rCorr    .         Rampage  .   p - +0 pair of gloves
Will     ++...                  (no boots)
Stlth    ..........             (no amulet)
HPRegen  1.30/turn              (no ring)
MPRegen  0.11/turn              (no ring)

@: berserking, marked, regenerating (expiring), very quick
A: retaliatory headbutt, horns 2
a: Renounce Religion, Evoke Invisibility, Berserk, Trog's Hand, Brothers in Arms


You were on level 7 of the Dungeon.
You worshipped Trog.
Trog was greatly pleased with you.
You visited 1 branch of the dungeon, and saw 7 of its levels.
You also visited: Sewer.

You collected 448 gold pieces.

Inventory:

Hand Weapons
 a - a +0 hand axe
 w - a +1 vorpal flail
 x - a +0 battleaxe (weapon)
Armour
 p - a +0 pair of gloves (worn)
 u - a scarf of invisibility (worn)
 E - a +0 chain mail (worn)
Jewellery
 b - an uncursed ring of willpower {unknown}
 D - an uncursed ring of ice
 F - a cursed ring of attention {unknown}
Wands
 t - a wand of flame (7)
 v - a wand of digging (1)
Scrolls
 c - 2 scrolls of enchant armour {unknown}
 e - 5 scrolls of remove curse
 f - 7 scrolls of identify
 g - 4 scrolls of magic mapping {unknown}
 h - 2 scrolls of fear {unknown}
 i - 5 scrolls of teleportation
 n - a scroll of noise {unknown}
 r - 2 scrolls of blinking {unknown}
 y - 2 scrolls of immolation {unknown}
 A - a scroll of amnesia {unknown}
 B - a scroll of fog {unknown}
Potions
 d - a potion of flight {unknown}
 j - a potion of lignification {unknown}
 k - a potion of curing
 l - 2 potions of invisibility {unknown}
 m - a potion of ambrosia {unknown}
 o - 2 potions of cancellation {unknown}
 q - a potion of might {unknown}
 s - a potion of heal wounds {unknown}
 z - 2 potions of brilliance {unknown}
 C - a potion of mutation {unknown}
 G - a potion of degeneration {unknown}


   Skills:
 + Level 8.0 Fighting
 + Level 8.1 Axes
 + Level 7.5 Armour
 + Level 6.9 Dodging
 + Level 3.8 Evocations


You had 8 spell levels left.
You didn't know any spells.
Your spell library was empty.

Dungeon Overview and Level Annotations

Branches:
Dungeon (7/15)             Temple (0/1) D:5           Sewer (visited)

Altars:
Elyvilon
Gozag
Okawaru
Qazlal
Yredelemnul
Zin

Shops:
D:5 }

Annotations:
D:7 Harold


Innate Abilities, Weirdness & Mutations

You reflexively headbutt those who attack you in melee.
You have a pair of horns on your head.


Message History

You hit Harold but do no damage.
Harold is almost dead.
Harold points at you and mumbles some strange words.
A sentinel's mark forms upon you.
You hit Harold but do no damage.
Harold is almost dead.
Harold gestures at you while chanting.
You barely resist. Harold hits you with a +0 scimitar!!
* * * LOW HITPOINT WARNING * * *
You hit Harold. Your headbutt misses Harold.
Harold is almost dead.
Harold hits you with a +0 scimitar.
* * * LOW HITPOINT WARNING * * *
A red film seems to cover your vision as you go berserk!
You feel yourself moving faster!
You feel mighty!
You closely miss Harold.
Harold is almost dead.
You feel the effects of Trog's Hand fading.
Harold hits you with a +0 scimitar!!
You die...

... ..# ..# #.#
# ## #.#.## .#
##.#..## .#
#..@...##.# #.@#
##..# #..#
##...#
####..###....#
#.....##.....#
#...##..#..#(..#
... ##...##...#
## #####...##
..#....###
####...####
.........# >#
#.........#


You could see Harold.

Vanquished Creatures
  Maggie (D:6)
  Duvessa (D:7)
  A sky beast (D:6)
  An ogre (D:6)
  A black bear (D:7)
  3 phantoms
  A centaur (D:6)
  Blork the orc (D:5)
  2 bullfrogs
  Dowan (D:7)
  4 killer bees
  8 wights (D:6)
  A howler monkey (D:6)
  A jelly (D:5)
  A hound (D:5)
  3 orc wizards
  2 orc priests
  An iguana (D:4)
  A bullfrog skeleton (D:5)
  6 worker ants
  A hound skeleton (D:5)
  A mummy (D:7)
  A howler monkey zombie (D:6)
  Robin (D:3)
  7 gnolls
  11 adders
  A white imp (D:7)
  2 ufetubi
  4 oozes
  10 worms
  A dart slug (D:4)
  8 leopard geckos
  11 orcs
  9 giant cockroaches
  16 goblins
  11 hobgoblins
  16 jackals
  3 kobolds
  2 quokkas
  4 ball pythons
  5 bats
  6 frilled lizards
  A jackal skeleton (D:5)
  12 rats
185 creatures vanquished.

Vanquished Creatures (others)
  A plant (D:7)
1 creature vanquished.

Grand Total: 186 creatures vanquished

Notes
Turn   | Place    | Note
-------+----------+-------------------------------------------
     0 | D:1      | dtburroughs the Minotaur Berserker began the quest for the
                  | Orb.
     0 | D:1      | Reached XP level 1. HP: 19/19 MP: 0/0
   395 | D:1      | Reached XP level 2. HP: 26/27 MP: 1/1
  1020 | D:2      | Reached XP level 3. HP: 32/33 MP: 2/2
  1482 | D:2      | Reached ** piety under Trog
  1556 | D:2      | Reached XP level 4. HP: 41/41 MP: 3/3
  1889 | D:2      | Found a basalt altar of Yredelemnul.
  2070 | D:2      | HP: 2/41 [orc/+0 hand axe (4)]
  2074 | D:2      | Reached XP level 5. HP: 3/47 MP: 4/4
  2584 | D:3      | Noticed Robin
  2606 | D:3      | HP: 2/47 [Robin/+0 club (4)]
  2608 | D:3      | Killed Robin
  2609 | D:3      | Reached skill level 5 in Fighting
  2609 | D:3      | Reached skill level 5 in Axes
  2857 | D:3      | Found a glowing silver altar of Zin.
  2902 | D:3      | Reached *** piety under Trog
  3111 | D:3      | Found a stormy altar of Qazlal.
  3187 | D:3      | Found an opulent altar of Gozag.
  3274 | D:3      | Reached XP level 6. HP: 13/56 MP: 5/5
  4086 | D:4      | Found a glowing drain.
  4115 | Sewer    | Entered a sewer
  4442 | Sewer    | Reached XP level 7. HP: 43/62 MP: 6/6
  5015 | D:4      | Reached skill level 5 in Armour
  5024 | D:4      | Reached **** piety under Trog
  5266 | D:5      | Entered Level 5 of the Dungeon
  5727 | D:5      | Noticed Blork the orc
  5734 | D:5      | Found a staircase to the Ecumenical Temple.
  5885 | D:5      | Killed Blork the orc
  6149 | D:5      | Reached skill level 5 in Dodging
  6360 | D:5      | Found Weonuoc's Gadget Emporium.
  6501 | D:5      | Reached skill level 1 in Evocations
  6763 | D:6      | Reached XP level 8. HP: 61/71 MP: 7/7
  6823 | D:6      | Found an iron altar of Okawaru.
  6823 | D:6      | Noticed Maggie
  6855 | D:6      | Killed Maggie
  7005 | D:6      | Reached XP level 9. HP: 75/79 MP: 8/8
  7521 | D:6      | HP: 3/81 [killer bee (4)]
  7966 | D:7      | Noticed Dowan
  7967 | D:7      | Noticed Duvessa
  7975 | D:7      | Killed Duvessa
  7978 | D:7      | Killed Dowan
  8000 | D:7      | Found a white marble altar of Elyvilon.
  8031 | D:7      | Noticed Harold
  8044 | D:7      | Mangled by Harold

Illustrated notes

Levels and vault maps discovered:
D:1:      dpeg_arrival_simpleton_a, layout_basic
D:2:      minmay_razor_zed, layout_basic, general_overflow_altar
D:3:      layout_rooms, pdpol_temple_overflow_zin_treasury_gozag_greed,
          lemuel_round_altar, uniq_robin
D:4:      layout_rooms, cheibrodos_sewer_entry_bend
D:5:      layout_loops_cross, temple_statues, serial_shops, shop,
          kennysheep_small_square, uniq_blork_the_orc
D:6:      layout_rooms, okawaru_ov_weapons_minmay, uniq_maggie
D:7:      layout_rooms, elyvilon_altar_1, gup_ossuary_entry_pyramid,
          zaba_anthole, uniq_duvessa, uniq_harold

Skill      XL: |  1  2  3  4  5  6  7  8  9 |
---------------+----------------------------+-----
Fighting       | 4 5 6 7 8 |  8.0
Axes           | 4 5 6 7 8 |  8.1
Armour         | 3 4 5 7 |  7.5
Dodging        | 3 4 5 6 |  6.9
Evocations     | 1 3 |  3.8

Action                   |  1- 3 |  4- 6 |  7- 9 || total
-------------------------+-------+-------+-------++-------
Melee: Hand axe          |    68 |   163 |    44 ||   275
       Headbutt          |     6 |    29 |    36 ||    71
       Flail             |       |       |   138 ||   138
       Battleaxe         |       |       |    42 ||    42
Invok: Trog's Hand       |       |     2 |     5 ||     7
       Berserk           |       |     2 |     3 ||     5
  Use: Scroll            |       |       |     3 ||     3
       Potion            |       |       |     2 ||     2
Armor: Animal skin       |     9 |    15 |     2 ||    26
       Scale mail        |       |       |    12 ||    12
       Chain mail        |       |       |   118 ||   118
Dodge: Dodged            |    53 |   133 |   162 ||   348
